 Dungeon Crawl Stone Soup version 0.30-a0-799-g109b55a442 (webtiles) character file.

Game seed: 7532680280179017279

619576 Hubris850 the Demon Slayer (level 27, -12/190 (194) HPs)
             Began as a Formicid Fighter on Feb 15, 2023.
             Was a High Priest of the Shining One.
             Drowned by Yxzaonus the pandemonium lord (22 damage)
             ... on level 11 of the Dungeon on Feb 20, 2023.
             The game lasted 04:22:32 (65735 turns).

Hubris850 the Demon Slayer (Formicid Fighter)      Turns: 65735, Time: 04:22:34

HP:   -12/190 (194) AC: 45    Str: 38    XL:     27
MP:   36/44         EV: 19    Int: 14    God:    the Shining One [*****.]
Gold: 4226          SH: 29    Dex: 19    Spells: 26/26 levels left

rFire   + + +      SeeInvis +    a - +9 executioner's axe (holy)
rCold   + + +      Faith    .    S - +2 shield of Resistance {rF++ rC++ Will++}
rNeg    + + .      Spirit   .    k - +9 crystal plate armour of Refuge {rC+++ Str+4}
rPois   +          Reflect  +    (helmet unavailable)
rElec   +          Harm     .    r - +2 cloak {rPois}
rCorr   +          Rampage  .    R - +3 pair of gauntlets of War {Slay+5}
Will    +++++                    N - +1 pair of boots "Hiuzeoc" {Will++ Dex+3} Stlth
                                 j - amulet of reflection
HPRegen 0.51/turn                o - ring "Saocolen" {rElec rCorr MP+9 Str+4 Dex+2}
MPRegen 0.29/turn                z - ring of protection from fire

@: glowing, studying 3 skills, lightly drained
A: permanent stasis, dig shafts and tunnels, antennae 3, four strong arms, large
bone plates 1, clever 1, frail 1, low MP 1, sense surroundings 1, MP-powered
wands
0: Orb of Zot
}: 4/15 runes: decaying, serpentine, silver, abyssal
a: Dig, Shaft Self, Renounce Religion, Divine Shield, Cleansing Flame, Summon
Divine Warrior


You were on level 11 of the Dungeon.
You worshipped the Shining One.
The Shining One was extremely pleased with you.
You visited 11 branches of the dungeon, and saw 50 of its levels.
You visited the Abyss 1 time.
You visited 1 bazaar.
You also visited: Trove.

You collected 7359 gold pieces.
You spent 3133 gold pieces at shops.

Inventory:

Hand Weapons
 a - a +9 executioner's axe of holy wrath (weapon)
Missiles
 w - 32 javelins
 y - 8 curare-tipped darts
 G - 8 boomerangs (quivered)
 O - 4 silver javelins
Armour
 k - the +9 crystal plate armour of Refuge (worn) {rC+++ Str+4}
   (You acquired it on level 3 of the Swamp)

   Str:       It affects your strength (+4).
   rC:        It renders you almost immune to cold.
 r - a +2 cloak of poison resistance (worn)
 C - the +5 kite shield of the True Pharaoh {Fly rF+}
   (Okawaru gifted it to you on level 4 of the Depths)

   rF:        It protects you from fire.
   Fly:       It grants you flight.
 N - the +1 pair of boots "Hiuzeoc" (worn) {Will++ Dex+3}
   (Okawaru gifted it to you on level 2 of the Orcish Mines)

   Dex:       It affects your dexterity (+3).
   Will:      It greatly increases your willpower.
 R - the +3 pair of gauntlets of War (worn) {Slay+5}
   (You bought it in a shop on level 2 of the Elven Halls)

   Slay:      It affects your accuracy & damage with ranged weapons and melee
   (+5).
 S - the +2 shield of Resistance (worn) {rF++ rC++ Will++}
   (Okawaru gifted it to you on level 3 of the Snake Pit)

   rF:        It greatly protects you from fire.
   rC:        It greatly protects you from cold.
   Will:      It greatly increases your willpower.
Jewellery
 j - an amulet of reflection (around neck)
 l - the ring "Wubruu Kubu" {rElec rN+}
   (You took it off a draconian shifter on level 4 of the Realm of Zot)

   [ring of positive energy]

   rElec:     It insulates you from electricity.
   rN:        It protects you from negative energy.
 o - the ring "Saocolen" (left hand) {rElec rCorr MP+9 Str+4 Dex+2}
   (You found it on level 5 of the Dungeon)

   [ring of magical power]

   Str:       It affects your strength (+4).
   Dex:       It affects your dexterity (+2).
   rElec:     It insulates you from electricity.
   MP:        It affects your magic capacity (+9).
   rCorr:     It protects you from acid and corrosion.
 p - the ring "Miratod" {rPois rC+++ Str-5 Int+6}
   (You found it in a treasure trove)

   [ring of intelligence]

   Str:       It affects your strength (-5).
   Int:       It affects your intelligence (+6).
   rC:        It renders you almost immune to cold.
   rPois:     It protects you from poison.
 s - the ring "Nyad" {rN++ Str+6}
   (You found it in a treasure trove)

   [ring of strength]

   Str:       It affects your strength (+6).
   rN:        It greatly protects you from negative energy.
 t - the ring "Jaere" {rC+ Str+4 Dex+4}
   (You found it on level 4 of the Dungeon)

   [ring of protection from cold]

   Str:       It affects your strength (+4).
   Dex:       It affects your dexterity (+4).
   rC:        It protects you from cold.
 u - the amulet of Jipreqy {rC+ rN+ Regen+ Stlth+}
   (You found it in a treasure trove)

   [amulet of regeneration]

   rC:        It protects you from cold.
   rN:        It protects you from negative energy.
   Regen:     It increases your rate of health regeneration.
   Stlth:     It makes you more stealthy.
 z - a ring of protection from fire (right hand)
 T - the ring of Vawed {Ice rCorr Str+2 Dex-3}
   (You found it on level 3 of the Crypt)

   [ring of ice]

   It enhances your ice magic.
   Str:       It affects your strength (+2).
   Dex:       It affects your dexterity (-3).
   rF:        It makes you vulnerable to fire.
   rC:        It protects you from cold.
   rCorr:     It protects you from acid and corrosion.
 Y - a ring of the Octopus King {rCorr HP+2 AC+2 EV+2 SH+2}
   (You found it on level 3 of the Realm of Zot)

   [ring of resist corrosion]

   AC:        It affects your AC (+2).
   EV:        It affects your evasion (+2).
   HP:        It affects your health (+2).
   rCorr:     It protects you from acid and corrosion.
   SH:        It affects your SH (+2).
Wands
 i - a wand of polymorph (10)
 A - a wand of quicksilver (17)
 D - a wand of mindburst (34)
 H - a wand of digging (3)
 J - a wand of flame (52)
 L - a wand of iceblast (14)
 Q - a wand of charming (9)
Scrolls
 b - a scroll of poison
 c - 2 scrolls of immolation
 g - a scroll of enchant weapon
 B - 6 scrolls of magic mapping
 F - 4 scrolls of vulnerability
 I - a scroll of brand weapon
 K - 4 scrolls of fear
 M - 4 scrolls of enchant armour
 W - 5 scrolls of fog
Potions
 d - 5 potions of might
 e - 21 potions of curing
 h - 3 potions of flight
 m - 2 potions of invisibility
 n - a potion of mutation
 q - 3 potions of cancellation
 v - 3 potions of resistance
 x - 3 potions of brilliance
 V - a potion of magic
 X - a potion of ambrosia
Miscellaneous
 f - a lightning rod (4/4)
 E - a phial of floods


   Skills:
 - Level 17.6 Fighting
 - Level 24.9 Axes
 - Level 16.0 Throwing
 - Level 17.6 Armour
 + Level 20.3 Dodging
 + Level 24.0 Shields
 - Level 25.0 Invocations
 - Level 10.0 Evocations


You had 26 spell levels left.
You didn't know any spells.
Your spell library contained the following spells:

 Spells                   Type           Power      Damage    Failure   Level
 Kiss of Death            Conj/Necr      0%         2d5       94%         1
 Magic Dart               Conj           0%         1d3       94%         1
 Necrotise                Necr           0%         1d4       94%         1
 Slow                     Hex            0%         N/A       94%         1
 Summon Small Mammal      Summ           0%         N/A       94%         1
 Call Imp                 Summ           0%         N/A       98%         2
 Cigotuvi's Dreadful Rot  Necr/Pois/Air  0%         N/A       98%         2
 Ensorcelled Hibernation  Hex/Ice        0%         N/A       98%         2
 Lesser Beckoning         Tloc           0%         N/A       98%         2
 Momentum Strike          Conj/Tloc      0%         3d8       98%         2
 Passwall                 Tmut/Erth      0%         N/A       98%         2
 Searing Ray              Conj           0%         2d4       98%         2
 Static Discharge         Conj/Air       0%         2-2/arc   98%         2
 Sublimation of Blood     Necr           0%         N/A       98%         2
 Call Canine Familiar     Summ           0%         N/A       100%        3
 Confusing Touch          Hex            0%         N/A       100%        3
 Dazzling Flash           Conj/Hex       0%         N/A       100%        3
 Hailstorm                Conj/Ice       0%         3d3       100%        3
 Ignite Poison            Fire/Tmut/Pois 0%         N/A       100%        3
 Inner Flame              Hex/Fire       0%         N/A       100%        3
 Kindle Blastsparks       Fire/Tloc/Air  0%         2d10      100%        3
 Mephitic Cloud           Conj/Pois/Air  0%         N/A       100%        3
 Ozocubu's Armour         Ice            0%         N/A       100%        3
 Portal Projectile        Hex/Tloc       0%         N/A       100%        3
 Spider Form              Tmut/Pois      0%         N/A       100%        3
 Summon Guardian Golem    Hex/Summ       0%         N/A       100%        3
 Teleport Other           Tloc           0%         N/A       100%        3
 Vampiric Draining        Necr           0%         2d6       100%        3
 Vhi's Electric Charge    Tloc/Air       0%         N/A       100%        3
 Anguish                  Hex/Necr       0%         N/A       100%        4
 Animate Dead             Necr           0%         N/A       100%        4
 Cause Fear               Hex            0%         N/A       100%        4
 Dispel Undead            Necr           0%         3d6       100%        4
 Flame Wave               Conj/Fire      0%         2d4       100%        4
 Iskenderun's Mystic Bla  Conj/Tloc      0%         2d3       100%        4
 Leda's Liquefaction      Hex/Erth       0%         N/A       100%        4
 Manifold Assault         Tloc           0%         N/A       100%        4
 Petrify                  Tmut/Erth      0%         N/A       100%        4
 Sticky Flame             Conj/Fire      0%         2d3       100%        4
 Summon Lightning Spire   Summ/Air       0%         N/A       100%        4
 Agony                    Necr           0%         N/A       100%        5
 Arcjolt                  Conj/Air       0%         1d10      100%        5
 Blade Hands              Tmut           0%         N/A       100%        5
 Borgnjor's Vile Clutch   Necr/Erth      0%         N/A       100%        5
 Fireball                 Conj/Fire      0%         3d3       100%        5
 Freezing Cloud           Conj/Ice/Air   0%         6-21      100%        5
 Irradiate                Conj/Tmut      0%         3d11      100%        5
 Lee's Rapid Deconstruct  Erth           0%         3d4*      100%        5
 Lightning Bolt           Conj/Air       0%         1d11      100%        5
 Metabolic Englaciation   Hex/Ice        0%         N/A       100%        5
 Summon Forest            Summ/Tloc      0%         N/A       100%        5
 Death Channel            Necr           0%         N/A       100%        6
 Dispersal                Tloc           0%         N/A       100%        6
 Eringya's Noxious Bog    Tmut/Pois      0%         N/A       100%        6
 Simulacrum               Ice/Necr       0%         N/A       100%        6
 Starburst                Conj/Fire      0%         6d3       100%        6
 Statue Form              Tmut/Erth      0%         N/A       100%        6
 Dragon Form              Tmut           0%         N/A       100%        7
 Haunt                    Necr/Summ      0%         N/A       100%        7
 Storm Form               Tmut/Air       0%         N/A       100%        7
 Summon Hydra             Summ           0%         N/A       100%        7
 Discord                  Hex            0%         N/A       100%        8
 Disjunction              Tloc           0%         N/A       100%        8
 Ignition                 Fire           0%         3d3       100%        8
 Maxwell's Capacitive Co  Air            0%         ∞         100%        8
 Chain Lightning          Conj/Air       0%         N/A       100%        9
 Fire Storm               Conj/Fire      0%         5d1       100%        9
 Shatter                  Erth           0%         3d5*      100%        9
 Blink                    Tloc           Unusable   N/A       N/A         2
 Swiftness                Air            Unusable   N/A       N/A         3

Dungeon Overview and Level Annotations

Branches:
Dungeon (15/15)            Temple (1/1) D:5            Lair (5/5) D:8
  Swamp (4/4) Lair:2        Snake (4/4) Lair:3        Slime (0/5) Lair:5
    Orc (2/2) D:9             Elf (2/3) Orc:2        Vaults (5/5) D:13
  Crypt (3/3) Vaults:2       Tomb (0/3) Crypt:3      Depths (4/4) D:15
    Zot (5/5) Depths:4

Altars:
Ashenzari
Cheibriados
Dithmenos
Elyvilon
Fedhas
Gozag
Hepliaklqana
Kikubaaqudgha
Makhleb
Nemelex Xobeh
Okawaru
Qazlal
Ru
Sif Muna
Trog
Uskayaw
Vehumet
Wu Jian
Xom
Yredelemnul
Zin
The Shining One

Shops:
D:2 *   D:9 [   Orc:2 *([=   Elf:1 **   Elf:2 *   Snake:1 *[*   Snake:4 ==[**
Vaults:3 !   Vaults:4 *   Vaults:5 !   Depths:4 (

Portals:
Hell: Depths:1 Depths:2 Depths:3 Depths:4
Abyss: Depths:3
Pandemonium: Depths:2 Depths:3
Ziggurat: Depths:3

Annotations:
D:10 1 runed translucent door, Dittersdorf's ghost, journeyman GrFi
D:12 2 runed translucent doors, Edeudim Zabb's ghost, journeyman FoFi
Lair:5 1 runed translucent door, Cecillian's ghost, journeyman GrFi


Innate Abilities, Weirdness & Mutations

You cannot be hasted, slowed, berserked, paralysed or teleported.
You can dig through walls and to a lower floor.
You have a pair of large antennae on your head. (SInv)
Your four strong arms can wield two-handed weapons with a shield.
You are partially covered in large bone plates. (SH +4)
Your mind is acute. (Int +4, Str/Dex -1)
You are frail. (-10% HP)
Your magical capacity is low. (-10% MP)
You passively map a small area around you.
You expend magic power (3 MP) to strengthen your wands.


Message History

You partially resist.
The great blast of fire engulfs the hell beast!!!!
The hell beast dies! 11 fire vortices come into view.
There is an open door here.
You are engulfed in blazing flames.
You resist.
Yxzaonus is engulfed in blazing flames.
You block the fire vortex's attack.
Your daeva calls down the wrath of the Shining One upon Yxzaonus.
Yxzaonus is smitten.
The fire vortex moves out of view. x4
You cut the fire vortex into ribbons!!!
The fire vortex dissipates!
You open the fire vortex like a pillowcase!!!
The fire vortex dissipates!
You carve the fire vortex like a ham!!!
The fire vortex dissipates!
You are engulfed in blazing flames.
You resist.
Yxzaonus is engulfed in blazing flames.
You are engulfed in blazing flames.
You resist.
Yxzaonus is engulfed in blazing flames. x2; Yxzaonus engulfs you.
Yxzaonus drowns you!!
Yxzaonus is engulfed in blazing flames.
You block Yxzaonus's attack.
You see here a +0 dagger.
Yxzaonus attacks as you move away! You block Yxzaonus's attack.
Yxzaonus is engulfed in blazing flames. x2; Yxzaonus engulfs you!
Yxzaonus drowns you!!!
You closely miss Yxzaonus.
Yxzaonus is moderately wounded.
You block Yxzaonus's attack.
You slash Yxzaonus!
Yxzaonus convulses.
Yxzaonus is heavily wounded.
Yxzaonus engulfs you!
* * * LOW HITPOINT WARNING * * *
Yxzaonus drowns you!!
* * * LOW HITPOINT WARNING * * *
You block Yxzaonus's attack.
Okay, then.
Unknown command.
You are momentarily dazzled by a brilliant light.
Yxzaonus engulfs you. Yxzaonus drowns you!!
You die...

.....#......#....................
.....#..##..#....##............(.
.....#..##..#A...##..............
######..##..#....#...............
............#°{vv#...............
............#.☼○v+.....#######.#.
............#°{☼○####+##<........
.......###..#v####.......#.....#.
.......# #.....&@........#.......
.......# #......v.A......#.....#.
.......# #...............#.......
.......###...####........#......#
.............####........#......#
.................................
#################################


You could see Yxzaonus (fast), 2 fire vortices and a friendly angel (summoned).

Vanquished Creatures
  2 dread liches
  Mara (Vaults:2)
  3 ancient liches
  3 orbs of fire
  Sojobo (Vaults:5)
  2 royal mummies (Crypt:3)
  Boris (twice) (Crypt:1 Crypt:2)
  Vv (Depths:4)
  Frederick (Vaults:2)
  Vashnia (Snake:4)
  Bai Suzhen (Swamp:4)
  Saint Roka (Vaults:5)
  4 Killer Klowns (Zot:5)
  3 curse toes
  8 golden dragons
  Nikola (Swamp:4)
  6 bone dragons
  2 doom hounds (Zot:3)
  2 Tzitzimimeh
  A pandemonium lord (D:11)
  A hellephant (Abyss:4)
  An electric golem (Zot:5)
  A Brimstone Fiend (D:11)
  A Hell Sentinel (Abyss:4)
  Jorgrun (Swamp:3)
  Rupert (D:13)
  5 quicksilver dragons
  22 Orb Guardians
  6 liches
  Zenata (Crypt:1)
  10 tentacled monstrosities
  12 titans
  A walking frostbound tome (Depths:3)
  5 deep elf master archers
  5 deep elf blademasters
  Grunn (Zot:3)
  5 ancient champions (Crypt:3)
  10 tentacled starspawn
  11 death cobs
  2 Executioners (Abyss:4)
  8 sphinxes
  A thorn hunter (Abyss:4)
  Frances (Swamp:1)
  15 shadow dragons
  A revenant (Crypt:3)
  Kirke (Snake:4)
  14 storm dragons
  12 tengu reavers
  6 nagarajas (Snake:4)
  The ghost of Monkooky the Carver, an adept DgVM (Snake:2)
  9 draconian knights
  6 draconian monks
  A fenstrider witch (Swamp:4)
  2 iron dragons
  22 fire giants
  2 deep elf sorcerers
  19 frost giants
  Louise (Snake:1)
  10 vault wardens
  7 draconian scorchers
  A balrug (Abyss:4)
  11 draconian shifters
  2 deep elf elementalists (Elf:1)
  Aizul (Swamp:3)
  8 draconian stormcallers
  3 spriggan defenders
  A curse skull (Crypt:3)
  20 ironbound preservers
  4 ghost moths
  An angel (Depths:1)
  6 ghouls
  A war gargoyle (Vaults:5)
  3 orc warlords
  An ophan (Abyss:4)
  21 stone giants
  11 draconian annihilators
  13 ironbound thunderhulks
  2 juggernaut skeletons
  22 very ugly things
  2 deep elf annihilators
  11 green draconians
  A lorocyproca (D:11)
  11 black draconians
  A deep elf demonologist (Elf:1)
  9 vampire knights
  7 purple draconians
  7 spark wasps
  A spark wasp (shapeshifter) (Vaults:5)
  11 red draconians
  14 yellow draconians
  Azrael (Orc:2)
  14 dire elephants
  3 bunyips
  3 deep elf death magi
  4 eidola
  13 white draconians
  9 ettins
  A green death (Abyss:4)
  Josephine (Snake:1)
  4 deep elf high priests (Vaults:5)
  15 yaktaur captains
  13 fire dragons
  7 rakshasas
  Erolcha (D:13)
  5 entropy weavers
  5 salamander tyrants
  13 great orbs of eyes
  A peacekeeper (Vaults:1)
  11 hydras
  2 spriggan air magi (Depths:2)
  8 centaur warriors
  7 ice dragons
  30 vault guards
  2 ghost crabs
  11 ironbound frosthearts
  2 spriggan skeletons (Crypt:3)
  12 anacondas
  4 catoblepae (Lair:5)
  A spriggan zombie (Crypt:3)
  A fenstrider witch skeleton (Crypt:3)
  3 boulder beetles
  3 alligators
  A hell hog (Abyss:4)
  22 dancing weapons
  10 deep troll shamans
  A satyr (Abyss:4)
  2 two-headed ogres
  2 tengu warriors
  3 vampire magi
  2 titan zombies
  An orc high priest (Orc:2)
  5 hell knights (Depths:3)
  15 wretched stars
  9 deep troll earth magi
  19 naga warriors
  Nergalle (Orc:2)
  13 death yaks
  2 shock serpents
  12 thrashing horrors
  Urug (D:13)
  11 naga sharpshooters
  4 spriggan berserkers
  7 titan skeletons (Crypt:3)
  23 deep elf knights
  8 soul eaters
  4 fire crabs
  A shadow wraith (Crypt:3)
  3 sixfirhies
  15 iron trolls
  A storm dragon skeleton (Crypt:3)
  24 skeletal warriors
  10 salamander mystics
  53 deep trolls
  2 skysharks (Lair:5)
  11 swamp dragons
  3 flayed ghosts
  2 death drakes (Zot:3)
  A spatial maelstrom (Abyss:4)
  A spriggan simulacrum (Crypt:1)
  5 naga ritualists
  8 glowing orange brains
  11 wizards
  2 bog bodies
  6 goliath frogs
  A ghost moth zombie (Crypt:3)
  24 deep elf archers
  15 ironbound convokers
  A lindwurm (shapeshifter) (Depths:3)
  An obsidian statue (Zot:3)
  4 harpies
  9 orc knights
  2 iron giant skeletons (Crypt:3)
  9 phantasmal warriors
  A shadow dragon skeleton (Depths:1)
  2 broodmother zombies
  2 bunyip skeletons (Crypt:3)
  25 starcursed masses
  21 deep elf pyromancers
  10 lindwurms
  2 tengu zombies
  7 necromancers
  A goliath frog zombie (Crypt:1)
  3 shining eyes (Abyss:4)
  An oklob plant (Lair:1)
  30 deep elf zephyrmancers
  4 cyclopes
  6 manticores
  13 mana vipers
  An orc sorcerer (Orc:2)
  28 ugly things
  4 will-o-the-wisps
  4 worldbinders
  38 black mambas
  A draconian skeleton (Zot:3)
  42 salamanders
  20 moths of wrath
  12 guardian serpents
  9 elephants
  2 demonic crawlers
  An ice statue (Elf:1)
  A centaur zombie (Crypt:1)
  An eye of devastation (Abyss:4)
  A dire elephant skeleton (Crypt:3)
  3 apocalypse crabs (Abyss:4)
  A cane toad (shapeshifter) (Vaults:5)
  5 smoke demons (Abyss:4)
  A torpor snail (Lair:3)
  25 vault sentinels
  20 naga magi
  2 gargoyles
  13 cane toads
  An orange demon (Abyss:4)
  An unseen horror (D:13)
  A purple draconian zombie (Crypt:2)
  A komodo dragon (shapeshifter) (D:13)
  3 centaur skeletons
  34 yaktaurs
  3 kobold demonologists (D:11)
  3 rime drakes
  An efreet (Depths:1)
  An alligator snapping turtle skeleton (Crypt:2)
  A yaktaur (shapeshifter) (Elf:1)
  3 ice devils
  A guardian mummy (Zot:3)
  A yaktaur skeleton (Vaults:5)
  4 freezing wraiths
  6 komodo dragons
  A red devil (D:11)
  2 tormentors
  2 harpy zombies
  3 tengu conjurers
  A death yak skeleton (Crypt:2)
  16 ancient zymes
  2 human skeletons
  A meliai (shapeshifter) (Abyss:1)
  A golden dragon simulacrum (Depths:1)
  7 hornets
  5 hellwings
  A tyrant leech (shapeshifter) (Vaults:3)
  A hornet (shapeshifter) (D:14)
  3 trolls
  6 tyrant leeches
  2 bloated husks
  Prince Ribbit (D:7)
  A tengu simulacrum (Vaults:1)
  A tarantella zombie (Crypt:1)
  2 ettin zombies
  A death drake skeleton (Crypt:1)
  10 raiju
  2 hydra skeletons (Crypt:3)
  A frost giant simulacrum (Depths:1)
  2 vampires
  5 spriggans
  2 ettin skeletons
  4 air elementals
  8 flying skulls
  9 slime creatures
  7 ynoxinuls
  7 fire bats
  2 shadows
  4 water elementals
  7 wyverns
  Eustachio (D:6)
  40 yaks
  9 wraiths
  A human (Vaults:2)
  A redback (Vaults:5)
  A vampire mosquito (D:13)
  A tyrant leech zombie (Crypt:2)
  3 basilisks
  4 fire elementals (Orc:2)
  A golden eye (Abyss:4)
  4 chaos spawn
  3 steam dragons (Swamp:4)
  5 neqoxecs
  4 hogs (Snake:4)
  A merfolk zombie (Crypt:1)
  50 nagas
  6 wargs
  16 large abominations
  A spatial vortex (Abyss:3)
  3 acid dragons
  A demonspawn zombie (Crypt:3)
  A hell hound (Orc:2)
  16 swamp worms
  A floating eye (Abyss:4)
  A floating eye (shapeshifter) (D:13)
  15 water moccasins
  26 orc warriors
  7 swamp drakes
  3 ice beasts
  A naga skeleton (Crypt:3)
  8 black bears
  5 ogres
  12 wolves
  A boggart (Vaults:4)
  9 centaurs
  A snapping turtle skeleton (Crypt:2)
  A swamp dragon skeleton (Crypt:3)
  5 phantoms
  3 kobold brigands
  A fire crab zombie (Crypt:1)
  6 human zombies
  4 necrophages
  17 bullfrogs
  An earth elemental (Elf:1)
  3 gnoll sergeants
  6 scorpions
  A wyvern skeleton (Crypt:3)
  A warg zombie (Crypt:3)
  23 wights
  11 killer bees (D:10)
  An electric eel (D:10)
  3 lava snakes
  2 howler monkeys
  A wolf skeleton (Crypt:3)
  A quasit (Abyss:1)
  5 hounds
  13 orc priests
  3 gnoll boudas
  4 iron imps
  A jelly (D:7)
  A spectral scorpion (D:4)
  An iguana (D:6)
  Natasha (D:4)
  21 orc wizards
  18 small abominations
  A hound skeleton (D:4)
  A hound zombie (D:4)
  5 mummies
  20 gnolls
  16 adders
  A hound simulacrum (D:4)
  A swamp drake skeleton (Crypt:3)
  A shadow imp (D:8)
  3 white imps
  2 ufetubi (Abyss:1)
  An adder zombie (D:4)
  5 worms
  3 dart slugs
  71 orcs
  10 endoplasms
  A giant cockroach (D:2)
  6 hobgoblins
  5 jackals
  13 ball pythons
  A ball python skeleton (Crypt:3)
  6 bats
  2 frilled lizards
  6 goblins
  A hobgoblin skeleton (Crypt:2)
  A jackal zombie (D:4)
  13 kobolds
  A kobold skeleton (Crypt:2)
  3 rats
  6 briar patches (Abyss:4)
  4 fire vortices
  2 lurking horrors (Abyss:4)
  8 starspawn tentacles
2307 creatures vanquished.

Vanquished Creatures (collateral kills)
  An orb of fire (Zot:5)
  Khufu (Crypt:3)
  A curse toe (Crypt:3)
  A golden dragon (Zot:2)
  A tentacled monstrosity (Zot:5)
  An Orb Guardian (Zot:5)
  An ancient champion (Crypt:3)
  A storm dragon (Zot:2)
  A draconian stormcaller (Zot:4)
  A yellow draconian (Zot:4)
  2 purple draconians (Zot:2)
  2 white draconians (Zot:2)
  A spriggan skeleton (Crypt:3)
  A death knight (Crypt:3)
  A flayed ghost (Crypt:3)
  A moth of wrath (Zot:5)
18 creatures vanquished.

Vanquished Creatures (others)
  A titan (Vaults:5)
  A fire giant (Depths:3)
  A draconian annihilator (Zot:2)
  A hell beast (D:11)
  2 hydras (Swamp:4)
  An alligator (Swamp:4)
  A salamander mystic (Snake:2)
  A deep elf pyromancer (Elf:1)
  A deep elf zephyrmancer (Crypt:3)
  A naga mage (Snake:4)
  4 bloated husks
  A raiju (Abyss:4)
  A spriggan (Swamp:4)
  2 golden eyes (Abyss:4)
  2 steam dragons (Swamp:4)
  2 swamp worms
  2 swamp drakes (Swamp:4)
  2 briar patches (Abyss:4)
  A fire vortex (D:11)
  6 foxfires
  16 fungi
  20 plants
  20 starspawn tentacles
  18 withered plants (D:4)
108 creatures vanquished.

Grand Total: 2433 creatures vanquished

Notes
Turn   | Place    | Note
-------+----------+-------------------------------------------
     0 | D:1      | Hubris850 the Formicid Fighter began the quest for the Orb.
     0 | D:1      | Reached XP level 1. HP: 18/18 MP: 1/1
    98 | D:1      | Reached XP level 2. HP: 24/24 MP: 2/2
   696 | D:1      | Found a faded altar of an unknown god.
   773 | D:1      | Reached XP level 3. HP: 24/29 MP: 3/3
  1122 | D:2      | Found Dozxey's Assorted Antiques.
  1130 | D:2      | Reached XP level 4. HP: 37/37 MP: 4/4
  1976 | D:3      | Reached XP level 5. HP: 42/42 MP: 5/5
  2096 | D:3      | Reached skill level 5 in Shields
  2101 | D:3      | Reached skill level 1 in Throwing
  2104 | D:3      | Reached XP level 6. HP: 20/49 MP: 2/6
  2401 | D:4      | Noticed a black bear
  2413 | D:4      | Killed a black bear
  2414 | D:4      | Reached XP level 7. HP: 45/55 MP: 5/7
  2487 | D:4      | Reached skill level 5 in Fighting
  2487 | D:4      | Reached skill level 5 in Armour
  2620 | D:4      | Identified the ring "Jaere" {rC+ Str+4 Dex+4}
  2822 | D:4      | Noticed Natasha
  2836 | D:4      | Killed Natasha
  2892 | D:4      | Reached skill level 5 in Axes
  2892 | D:4      | Reached XP level 8. HP: 44/62 MP: 4/8
  2920 | D:4      | Identified the +3 dagger of the Warrior {pain, rPois Dex+2}
  3059 | D:4      | Found an iron altar of Okawaru.
  3059 | D:4      | Found a bloodstained altar of Trog.
  3087 | D:5      | Entered Level 5 of the Dungeon
  3314 | D:5      | Found a staircase to the Ecumenical Temple.
  3326 | D:5      | Reached skill level 5 in Throwing
  3337 | Temple   | Entered the Ecumenical Temple
  3378 | D:4      | Became a worshipper of Warmaster Okawaru
  3531 | D:5      | Identified the ring "Saocolen" {rElec rCorr MP+9 Str+4
                  | Dex+2}
  4132 | D:5      | Reached XP level 9. HP: 36/68 MP: 9/9
  4408 | D:6      | Noticed Eustachio
  4429 | D:6      | Killed Eustachio
  4429 | D:6      | Reached * piety under Okawaru
  5212 | D:6      | Reached skill level 10 in Axes
  5405 | D:6      | Found a shimmering blue altar of Sif Muna.
  5558 | D:7      | Reached ** piety under Okawaru
  5627 | D:7      | Reached XP level 10. HP: 64/74 MP: 10/10
  5727 | D:7      | Noticed Prince Ribbit
  5743 | D:7      | Killed Prince Ribbit
  6123 | D:7      | Identified the +2 robe of Distant Worlds {rElec Dex+3
                  | Slay+2 Archmagi}
  6143 | D:7      | Found a snail-covered altar of Cheibriados.
  6289 | D:7      | Found an opulent altar of Gozag.
  6289 | D:7      | Found a burning altar of Makhleb.
  6290 | D:7      | Found a hazy altar of Hepliaklqana.
  6569 | D:8      | Found a staircase to the Lair.
  6570 | D:8      | Noticed a komodo dragon
  6582 | D:8      | Killed a komodo dragon
  6651 | D:8      | Reached *** piety under Okawaru
  6781 | D:8      | Received a gift from Okawaru
  7275 | D:9      | Found a staircase to the Orcish Mines.
  7278 | D:9      | Found Xaisuunt's Armour Emporium.
  7387 | D:9      | Bought a +2 buckler of protection for 279 gold pieces
  8060 | D:9      | Reached XP level 11. HP: 75/79 MP: 11/11
  8070 | D:9      | Reached **** piety under Okawaru
  8310 | D:10     | Entered Level 10 of the Dungeon
  8478 | D:10     | Found a runed translucent door.
  8529 | D:10     | Noticed Dittersdorf's ghost (journeyman GrFi)
  9698 | D:11     | Noticed a manticore
  9711 | D:11     | Killed a manticore
  9856 | D:11     | Reached ***** piety under Okawaru
  9861 | D:11     | Reached skill level 1 in Invocations
  9864 | D:11     | Noticed a soul eater
  9871 | D:11     | Reached skill level 1 in Dodging
 10067 | D:11     | Received a gift from Okawaru
 10382 | Lair:1   | Entered Level 1 of the Lair of Beasts
 10441 | Lair:1   | Reached skill level 2 in Invocations
 10501 | Lair:1   | Reached XP level 12. HP: 36/87 MP: 12/14
 10628 | Lair:1   | Reached skill level 3 in Invocations
 10800 | Lair:1   | Received a gift from Okawaru
 11075 | Lair:1   | Gained mutation: You occasionally lose the ability to drink
                  | potions when taking damage. [potion of mutation]
 11075 | Lair:1   | Gained mutation: You are partially covered in large bone
                  | plates. (SH +4) [potion of mutation]
 11075 | Lair:1   | Gained mutation: Your mind is acute. (Int +4, Str/Dex -1)
                  | [potion of mutation]
 11075 | Lair:1   | Gained mutation: Your movements are slightly less
                  | encumbered by armour. (ER -2) [potion of mutation]
 11622 | Lair:2   | Noticed a four-headed hydra
 11819 | Lair:2   | Reached skill level 4 in Invocations
 12022 | Lair:2   | Reached skill level 5 in Invocations
 12149 | Lair:2   | Killed a four-headed hydra
 12153 | Lair:2   | Received a gift from Okawaru
 12239 | Lair:2   | Found a staircase to the Swamp.
 12509 | Lair:2   | Reached ****** piety under Okawaru
 12509 | Lair:2   | Received a gift from Okawaru
 12514 | Lair:2   | Reached skill level 5 in Dodging
 12520 | Lair:2   | Received a gift from Okawaru
 13108 | Lair:3   | Reached XP level 13. HP: 93/93 MP: 16/16
 13119 | Lair:3   | Found a staircase to the Snake Pit.
 13189 | Lair:3   | Identified the +1 cloak of the Spider Nest {Int+2} (Okawaru
                  | gifted it to you on level 3 of the Lair of Beasts)
 13189 | Lair:3   | Received a gift from Okawaru
 14175 | D:2      | Bought the +4 Cigotuvi's embrace {Corpsefed rMiasma Drain
                  | rN+} for 717 gold pieces
 14175 | D:2      | Found the +4 Cigotuvi's embrace {Corpsefed rMiasma Drain
                  | rN+}
 14381 | Lair:4   | Noticed a five-headed hydra
 14389 | Lair:4   | Killed a five-headed hydra
 14390 | Lair:4   | Reached skill level 15 in Axes
 15182 | Lair:4   | Noticed a seven-headed hydra
 15201 | Lair:4   | Killed a seven-headed hydra
 15530 | Lair:5   | Entered Level 5 of the Lair of Beasts
 15586 | Lair:5   | Noticed an eight-headed hydra
 15603 | Lair:5   | Killed an eight-headed hydra
 15603 | Lair:5   | Received a gift from Okawaru
 15609 | Lair:5   | Reached XP level 14. HP: 77/100 MP: 17/17
 16032 | Lair:5   | Found a runed translucent door.
 16033 | Lair:5   | Found a shimmering altar of Xom.
 16033 | Lair:5   | Noticed Cecillian's ghost (journeyman GrFi)
 16155 | Lair:5   | Found a staircase to the Slime Pits.
 16171 | Lair:5   | Identified the +0 kite shield "Feudy" {Will+} (Okawaru
                  | gifted it to you on level 5 of the Lair of Beasts)
 16171 | Lair:5   | Received a gift from Okawaru
 16664 | Lair:5   | Reached skill level 10 in Throwing
 17065 | Orc:1    | Entered Level 1 of the Orcish Mines
 17310 | Orc:2    | Entered Level 2 of the Orcish Mines
 17356 | Orc:2    | Noticed an orc warlord
 17387 | Orc:2    | Killed an orc warlord
 17404 | Orc:2    | Noticed Nergalle
 17410 | Orc:2    | Received a gift from Okawaru
 17419 | Orc:2    | Killed Nergalle
 17423 | Orc:2    | Identified the +1 pair of boots "Hiuzeoc" {Will++ Dex+3}
                  | (Okawaru gifted it to you on level 2 of the Orcish Mines)
 17423 | Orc:2    | Received a gift from Okawaru
 17431 | Orc:2    | Reached skill level 6 in Invocations
 17450 | Orc:2    | Found Zacoistu's Jewellery Boutique.
 17458 | Orc:2    | Found a staircase to the Elven Halls.
 17512 | Orc:2    | Found Qalopiruru's Antique Armour Boutique.
 17560 | Orc:2    | Found Kucozyff's General Store.
 17610 | Orc:2    | Noticed Azrael
 17626 | Orc:2    | Reached XP level 15. HP: 105/105 MP: 19/19
 17629 | Orc:2    | Killed Azrael
 17891 | Orc:2    | Bought a scroll of identify for 30 gold pieces
 17891 | Orc:2    | Bought a scroll of identify for 30 gold pieces
 17891 | Orc:2    | Bought a scroll of identify for 30 gold pieces
 17919 | Orc:2    | Found Ubic's Antique Weapon Boutique.
 18297 | D:12     | Noticed Edeudim Zabb's ghost (journeyman FoFi)
 18298 | D:12     | Noticed a lich
 18300 | D:12     | Noticed a war gargoyle
 18385 | D:12     | You fall into a shaft and drop 3 floors!
 18385 | D:15     | Entered Level 15 of the Dungeon
 18458 | D:13     | Found a portal to a secret trove of treasure.
 18502 | D:13     | Found a gate to the Vaults.
 18502 | D:13     | Noticed an ironbound preserver
 18520 | D:13     | Reached skill level 7 in Invocations
 18521 | D:13     | Killed an ironbound preserver
 18753 | D:13     | Noticed Erolcha
 18768 | D:13     | Killed Erolcha
 18844 | D:13     | Noticed Rupert
 18856 | D:13     | Killed Rupert
 18857 | D:13     | Reached skill level 8 in Invocations
 18955 | D:13     | Noticed Urug
 18969 | D:13     | Killed Urug
 19667 | D:12     | Found a runed translucent door.
 19704 | D:12     | Received a gift from Okawaru
 19786 | D:12     | Found a runed translucent door.
 20105 | D:12     | Noticed a quicksilver ooze
 20111 | D:12     | Noticed a frost giant
 20111 | D:12     | a frost giant changed into a dire elephant
 20182 | D:12     | an eleionoma changed into a shadow dragon
 20182 | D:12     | Noticed a shadow dragon (glowing shapeshifter)
 20188 | D:12     | Noticed a fenstrider witch
 20827 | D:14     | Reached skill level 9 in Invocations
 21045 | D:15     | Received a gift from Okawaru
 21067 | D:15     | Received a gift from Okawaru
 21426 | D:15     | Identified the +1 scale mail "Kofur" {Regen+}
 21497 | D:15     | Found a staircase to the Depths.
 21917 | D:9      | Bought the +7 chain mail of Sorcery {rPois rF+ Dex+2
                  | Stlth-} for 786 gold pieces
 22092 | Swamp:1  | Entered Level 1 of the Swamp
 22408 | Swamp:1  | Noticed Frances
 22423 | Swamp:1  | Killed Frances
 22424 | Swamp:1  | Reached XP level 16. HP: 88/99 MP: 23/23
 22441 | Swamp:1  | Identified the +1 robe of Nerghahu {Fly rCorr Dex+4}
                  | (Okawaru gifted it to you on level 1 of the Swamp)
 22441 | Swamp:1  | Received a gift from Okawaru
 22442 | Swamp:1  | Reached skill level 10 in Invocations
 22922 | Swamp:1  | Got the Compilation of a Million Ghosts
 23532 | Swamp:2  | You fall into a shaft and drop 1 floor!
 23533 | Swamp:3  | Noticed Aizul
 23560 | Swamp:3  | Killed Aizul
 24025 | Swamp:3  | Noticed Jorgrun
 24050 | Swamp:3  | Killed Jorgrun
 24051 | Swamp:3  | Reached skill level 1 in Evocations
 24237 | Swamp:3  | Identified the +5 scale mail of Okawaru's Scorn {rElec
                  | rPois Will- Stlth+}
 24260 | Swamp:3  | Identified a scroll of acquirement
 24261 | Swamp:3  | Acquired the +9 crystal plate armour of Refuge {rC+++
                  | Str+4}
 24391 | Swamp:4  | Entered Level 4 of the Swamp
 24501 | Swamp:4  | Noticed Bai Suzhen
 24521 | Swamp:4  | Killed Bai Suzhen
 24522 | Swamp:4  | Reached skill level 11 in Invocations
 24879 | Swamp:4  | Received a gift from Okawaru
 24910 | Swamp:4  | Got a decaying rune of Zot
 24930 | Swamp:4  | Noticed Nikola
 24955 | Swamp:4  | Killed Nikola
 24967 | Swamp:4  | Received a gift from Okawaru
 24970 | Swamp:4  | Noticed a fenstrider witch
 24978 | Swamp:4  | Killed a fenstrider witch
 25204 | Swamp:4  | Reached skill level 5 in Evocations
 25214 | Swamp:4  | Reached skill level 12 in Invocations
 25226 | Swamp:4  | Reached XP level 17. HP: 101/117 MP: 26/26
 25950 | Swamp:2  | Found an iron altar of Okawaru.
 26075 | Snake:1  | Entered Level 1 of the Snake Pit
 26278 | Snake:1  | Noticed Josephine
 26323 | Snake:1  | Killed Josephine
 26551 | Snake:1  | Found Yforeawek's Assorted Antiques.
 26567 | Snake:1  | Found Tojeitim's Assorted Antiques.
 26567 | Snake:1  | Found Ziugicat's Antique Armour Emporium.
 26610 | Snake:1  | Noticed Louise
 26617 | Snake:1  | Killed Louise
 26697 | Snake:1  | Received a gift from Okawaru
 27233 | Snake:2  | Reached skill level 15 in Throwing
 27616 | Snake:2  | Received a gift from Okawaru
 27667 | Snake:2  | Found a runed translucent door.
 27667 | Snake:2  | Noticed Monkooky's ghost (adept DgVM)
 27827 | Snake:2  | Received a gift from Okawaru
 28026 | Snake:2  | Killed Monkooky's ghost
 28116 | Snake:3  | Received a gift from Okawaru
 28198 | Snake:3  | Reached XP level 18. HP: 109/123 MP: 27/27
 28329 | Snake:3  | Received a gift from Okawaru
 28499 | Snake:3  | Received a gift from Okawaru
 29182 | Snake:3  | Received a gift from Okawaru
 29182 | Snake:3  | Found the +2 shield of Resistance {rF++ rC++ Will++}
 29228 | Snake:4  | Entered Level 4 of the Snake Pit
 29842 | Snake:4  | Found Ymauryen's Jewellery Shoppe.
 29842 | Snake:4  | Found Odamynov's Armour Boutique.
 29856 | Snake:4  | Found Pila Lae's General Store.
 29871 | Snake:4  | Found Amoimmoc's Assorted Antiques.
 30049 | Snake:4  | Noticed Kirke
 30058 | Snake:4  | Killed Kirke
 30263 | Snake:4  | Found Etzos's Jewellery Boutique.
 30826 | Snake:4  | Identified the +4 giant spiked club of Arrival {vamp, MP+9
                  | Int+2} (Okawaru gifted it to you on level 4 of the Snake
                  | Pit)
 30826 | Snake:4  | Received a gift from Okawaru
 30944 | Snake:4  | Reached XP level 19. HP: 111/129 MP: 28/28
 31208 | Snake:4  | Noticed Vashnia
 31220 | Snake:4  | Killed Vashnia
 31514 | Snake:4  | Got a serpentine rune of Zot
 32217 | Elf:1    | Entered Level 1 of the Elven Halls
 32218 | Elf:1    | You fall into a shaft and drop 1 floor!
 32219 | Elf:2    | Received a gift from Okawaru
 32410 | Elf:2    | Found a huge runed translucent gate.
 32410 | Elf:2    | Found a huge runed translucent gate.
 32410 | Elf:2    | Found a huge runed translucent gate.
 32411 | Elf:2    | Found a huge runed translucent gate.
 32412 | Elf:2    | Found a huge runed translucent gate.
 32829 | Elf:2    | Received a gift from Okawaru
 33221 | Elf:2    | Found Ijujesa's Assorted Antiques.
 33233 | Elf:2    | Reached skill level 10 in Shields
 33598 | Elf:1    | Received a gift from Okawaru
 33963 | Elf:1    | Noticed a Hell Sentinel
 34001 | Elf:1    | Found Uniub's Mass Market.
 34008 | Elf:1    | Found Maitasau's General Store.
 34074 | Elf:1    | Received a gift from Okawaru
 34274 | Elf:1    | Reached XP level 20. HP: 122/141 MP: 29/29
 34338 | Elf:1    | Got the Guidebook on Cooperative Arcane Weapons
 34985 | Vaults:1 | Entered Level 1 of the Vaults
 36114 | Vaults:1 | Reached skill level 10 in Armour
 36527 | Vaults:1 | Identified the +1 robe of Pantheism {+Blink rF+} (Okawaru
                  | gifted it to you on level 1 of the Vaults)
 36527 | Vaults:1 | Received a gift from Okawaru
 36772 | Elf:2    | Bought the +3 pair of gauntlets of War {Slay+5} for 1045
                  | gold pieces
 36772 | Elf:2    | Found the +3 pair of gauntlets of War {Slay+5}
 37250 | Vaults:2 | Identified the +10 flail of Tomorrow {spect, Will+ SInv}
 37359 | Vaults:2 | Noticed Frederick
 37364 | Vaults:2 | Killed Frederick
 37372 | Vaults:2 | Found a flickering gateway to a bazaar.
 37379 | Vaults:2 | Reached skill level 10 in Fighting
 37389 | Bazaar   | Entered a bazaar
 37391 | Bazaar   | Found Ushrualul's Magic Scroll Boutique.
 37395 | Bazaar   | Found Paba's Distillery.
 37395 | Bazaar   | Found Hunoel's Antique Armour Boutique.
 37395 | Bazaar   | Found Qytsez Giev's Book Boutique.
 37506 | Vaults:2 | Found a staircase to the Crypt.
 37506 | Vaults:2 | Found an ancient bone altar of Kikubaaqudgha.
 37506 | Vaults:2 | Found a basalt altar of Yredelemnul.
 37527 | Vaults:2 | Noticed Mara
 37540 | Vaults:2 | Killed Mara
 37550 | Vaults:2 | Reached skill level 10 in Dodging
 37843 | Vaults:2 | Reached XP level 21. HP: 154/154 MP: 30/30
 38224 | Vaults:2 | Identified the +0 robe of the Catamount {rPois rC- Will+
                  | Int+7}
 38795 | Vaults:3 | Received a gift from Okawaru
 39317 | Vaults:3 | Received a gift from Okawaru
 39505 | Vaults:3 | Found Kicwun's Distillery.
 39513 | Vaults:3 | Bought a potion of might for 60 gold pieces
 39834 | Vaults:3 | Identified the +4 war axe of Indignation {antimagic, Dex+3}
                  | (Okawaru gifted it to you on level 3 of the Vaults)
 39834 | Vaults:3 | Received a gift from Okawaru
 40019 | Vaults:3 | Identified the +6 scale mail of Ephyjetz {*Corrode rN+
                  | Int+3}
 40630 | Vaults:4 | Reached XP level 22. HP: 165/165 MP: 31/31
 40841 | Vaults:4 | Reached skill level 13 in Invocations
 41003 | Vaults:4 | Found Qymeajea's Assorted Antiques.
 41058 | Vaults:4 | Identified the +6 chain mail of Taulih {Str+3} (Okawaru
                  | gifted it to you on level 4 of the Vaults)
 41058 | Vaults:4 | Received a gift from Okawaru
 41404 | Vaults:4 | Reached skill level 14 in Invocations
 42074 | Depths:1 | Entered Level 1 of the Depths
 42151 | Depths:1 | Found a hide-covered altar of Uskayaw.
 43211 | Depths:1 | Found a gateway to Hell.
 43604 | Depths:2 | Identified the +1 robe of the Lotus Blossom {rCorr Str+2}
                  | (Okawaru gifted it to you on level 2 of the Depths)
 43604 | Depths:2 | Received a gift from Okawaru
 44060 | Depths:2 | Reached XP level 23. HP: 173/175 MP: 33/33
 44218 | Depths:2 | Found a one-way gate leading to the halls of Pandemonium.
 44939 | Depths:3 | Found a shimmering altar of Xom.
 44939 | Depths:3 | Found a shimmering altar of Xom.
 44941 | Depths:3 | Found a shimmering altar of Xom.
 44942 | Depths:3 | Found a shimmering altar of Xom.
 44942 | Depths:3 | Found a shimmering altar of Xom.
 45212 | Depths:3 | Found a one-way gateway to a ziggurat.
 45565 | D:13     | You paid a toll of a +4 demon whip to enter a treasure
                  | trove
 45566 | Trove    | Entered a treasure trove
 45608 | Trove    | Got the Guidebook on the Warped Union
 45654 | Trove    | Identified the ring "Miratod" {rPois rC+++ Str-5 Int+6}
 45659 | Trove    | Identified the ring "Nyad" {rN++ Str+6}
 45666 | Trove    | Identified the amulet of Jipreqy {rC+ rN+ Regen+ Stlth+}
 45670 | Trove    | Got the Codex of Topology and Nausea
 45951 | Depths:3 | Noticed a golden dragon
 45981 | Depths:3 | Killed a golden dragon
 46106 | Depths:3 | Identified the +0 robe of Impish Life {rC++ Dex+4} (Okawaru
                  | gifted it to you on level 3 of the Depths)
 46106 | Depths:3 | Received a gift from Okawaru
 46604 | Depths:3 | Identified the +1 plate armour "Zuhet" {Int+3 Dex+5 Slay+3}
 46977 | Depths:3 | Found a one-way gate to the infinite horrors of the Abyss.
 46996 | Depths:3 | Reached skill level 15 in Shields
 47331 | Depths:4 | Entered Level 4 of the Depths
 47530 | Depths:4 | Found Goap's Assorted Antiques.
 47718 | Depths:4 | Found Ifau's Weapon Boutique.
 47935 | Depths:4 | Noticed Vv
 47962 | Depths:4 | Killed Vv
 48177 | Depths:4 | Reached XP level 24. HP: 163/187 MP: 33/33
 48438 | Depths:4 | Identified the +5 kite shield of the True Pharaoh {Fly rF+}
                  | (Okawaru gifted it to you on level 4 of the Depths)
 48438 | Depths:4 | Received a gift from Okawaru
 48568 | Depths:4 | Found a gate to the Realm of Zot.
 49243 | Vaults:5 | Entered Level 5 of the Vaults
 49248 | Vaults:5 | Reached skill level 15 in Fighting
 49248 | Vaults:5 | Reached skill level 15 in Dodging
 49259 | Vaults:5 | Reached skill level 15 in Armour
 49753 | Vaults:5 | Identified the +6 rapier "Otesoz" {venom, Fragile Str+3
                  | Stlth+}
 50082 | Vaults:5 | Noticed a golden dragon
 50090 | Vaults:5 | Killed a golden dragon
 50192 | Vaults:5 | Noticed Sojobo
 50202 | Vaults:5 | Killed Sojobo
 50202 | Vaults:5 | Received a gift from Okawaru
 50437 | Vaults:5 | Received a gift from Okawaru
 50666 | Vaults:5 | Identified the +3 great sword "Death Rattle" {drain, rF-
                  | Dex+2 Stlth+}
 50669 | Vaults:5 | Identified the +3 mace of Xom, Chewing {protect, Will+}
 50702 | Vaults:5 | Received a gift from Okawaru
 50704 | Vaults:5 | Identified the +3 scale mail of Vash {Contam rCorr Dex+2}
 50713 | Vaults:5 | Got a silver rune of Zot
 50750 | Vaults:5 | Noticed a golden dragon
 50759 | Vaults:5 | Killed a golden dragon
 50810 | Vaults:5 | Noticed Saint Roka
 50820 | Vaults:5 | Killed Saint Roka
 50822 | Vaults:5 | Received a gift from Okawaru
 50851 | Vaults:5 | Found Lagex's Distillery.
 50858 | Vaults:5 | Bought a potion of might for 52 gold pieces
 50858 | Vaults:5 | Bought a potion of might for 52 gold pieces
 50858 | Vaults:5 | Bought a potion of might for 52 gold pieces
 50973 | Vaults:5 | Reached XP level 25. HP: 196/196 MP: 34/34
 51377 | Vaults:5 | Identified the +1 plate armour "Zualy" {rC- Dex+6}
 51762 | Temple   | Fell from the grace of Okawaru
 51762 | Temple   | Became a worshipper of the Shining One
 52016 | Crypt:1  | Entered Level 1 of the Crypt
 52044 | Crypt:1  | Reached * piety under the Shining One
 52178 | Crypt:1  | Noticed Zenata
 52179 | Crypt:1  | Reached ** piety under the Shining One
 52194 | Crypt:1  | Reached skill level 15 in Invocations
 52194 | Crypt:1  | Killed Zenata
 52580 | Crypt:1  | Reached skill level 10 in Evocations
 52587 | Crypt:1  | Reached *** piety under the Shining One
 52692 | Crypt:1  | Noticed Boris
 52699 | Crypt:1  | Killed Boris
 53011 | Crypt:2  | Noticed Boris
 53020 | Crypt:2  | Killed Boris
 53021 | Crypt:2  | Reached skill level 16 in Invocations
 53025 | Crypt:2  | Reached **** piety under the Shining One
 53583 | Crypt:3  | Entered Level 3 of the Crypt
 53583 | Crypt:3  | Found a staircase to the Tomb.
 53598 | Crypt:3  | Reached ***** piety under the Shining One
 53635 | Crypt:3  | Reached skill level 17 in Invocations
 53835 | Crypt:3  | Found a burning altar of Makhleb.
 53847 | Crypt:3  | Found a glowing golden altar of the Shining One.
 53914 | Crypt:3  | Reached ****** piety under the Shining One
 54087 | Crypt:3  | Reached skill level 18 in Invocations
 54159 | Crypt:3  | Identified the +0 plate armour of Ezuh {Harm}
 54412 | Crypt:3  | Reached skill level 19 in Invocations
 54440 | Crypt:3  | Noticed a dread lich
 54447 | Crypt:3  | Killed a dread lich
 54469 | Crypt:3  | Noticed Khufu
 54469 | Crypt:3  | Noticed a royal mummy
 54472 | Crypt:3  | Noticed a royal mummy
 54478 | Crypt:3  | Killed a royal mummy
 54485 | Crypt:3  | Killed a royal mummy
 54493 | Crypt:3  | Killed Khufu
 54502 | Crypt:3  | Identified the +6 flail of Viul {flame, Will+}
 54505 | Crypt:3  | Identified the ring of Vawed {Ice rCorr Str+2 Dex-3}
 54787 | Crypt:3  | Reached skill level 20 in Invocations
 54787 | Crypt:3  | Reached XP level 26. HP: 203/203 MP: 37/37
 54921 | Crypt:3  | Noticed a curse toe
 54928 | Crypt:3  | Killed a curse toe
 55643 | Depths:3 | Identified a +9 executioner's axe of holy wrath (a +8
                  | executioner's axe of flaming blessed by the Shining One)
 55643 | Depths:3 | Received a gift from the Shining One
 55645 | Depths:3 | Voluntarily entered the Abyss.
 55759 | Abyss:1  | Found a corrupted altar of Lugonu.
 56092 | Abyss:3  | Found a corrupted altar of Lugonu.
 56135 | Abyss:3  | Found a corrupted altar of Lugonu.
 56214 | Abyss:3  | Reached skill level 21 in Invocations
 56414 | Abyss:4  | Gained mutation: You occasionally lose the ability to read
                  | scrolls when taking damage. [a shining eye]
 56452 | Abyss:4  | Gained mutation: You are frail. (-10% HP) [a shining eye]
 56560 | Abyss:4  | Reached skill level 22 in Invocations
 56561 | Abyss:4  | Found a hide-covered altar of Uskayaw.
 56642 | Abyss:4  | Gained mutation: Potions are less effective at restoring
                  | your health. [a neqoxec]
 56654 | Abyss:4  | Found a corrupted altar of Lugonu.
 56654 | Abyss:4  | Found a corrupted altar of Lugonu.
 56654 | Abyss:4  | Found a corrupted altar of Lugonu.
 56670 | Abyss:4  | Found a corrupted altar of Lugonu.
 56806 | Abyss:4  | Reached skill level 23 in Invocations
 56919 | Abyss:4  | Got an abyssal rune of Zot
 57024 | Abyss:4  | Noticed a dread lich
 57030 | Abyss:4  | Killed a dread lich
 57031 | Abyss:4  | Reached skill level 24 in Invocations
 57093 | Depths:3 | Escaped the Abyss
 57094 | Depths:3 | Lost mutation: You occasionally lose the ability to drink
                  | potions when taking damage. [potion of mutation]
 57094 | Depths:3 | Lost mutation: Potions are less effective at restoring your
                  | health. [potion of mutation]
 57094 | Depths:3 | Gained mutation: You are partially covered in iridescent
                  | scales. (AC +2) [potion of mutation]
 57094 | Depths:3 | Gained mutation: Armour fits poorly on your strangely
                  | shaped body. [potion of mutation]
 57094 | Depths:3 | Gained mutation: You have hidden genetic potential. [potion
                  | of mutation]
 57094 | Depths:3 | Gained mutation: You have sharp fingernails. [potion of
                  | mutation]
 57161 | Zot:1    | Entered Level 1 of the Realm of Zot
 57478 | Lair:1   | Lost mutation: Your movements are slightly less encumbered
                  | by armour. (ER -2) [potion of mutation]
 57478 | Lair:1   | Lost mutation: You have sharp fingernails. [potion of
                  | mutation]
 57478 | Lair:1   | Lost mutation: You have hidden genetic potential. [potion
                  | of mutation]
 57478 | Lair:1   | Gained mutation: You are very frail. (-20% HP) [potion of
                  | mutation]
 57479 | Lair:1   | Lost mutation: Armour fits poorly on your strangely shaped
                  | body. [potion of mutation]
 57479 | Lair:1   | Lost mutation: You occasionally lose the ability to read
                  | scrolls when taking damage. [potion of mutation]
 57479 | Lair:1   | Gained mutation: You occasionally lose the ability to drink
                  | potions when taking damage. [potion of mutation]
 57922 | Zot:1    | Reached XP level 27. HP: 123/168 MP: 39/39
 58032 | Zot:1    | Noticed an orb of fire
 58036 | Zot:1    | Gained mutation: You are extremely frail. (-30% HP) [an orb
                  | of fire]
 58045 | Zot:1    | Gained mutation: You occasionally shout uncontrollably at
                  | your foes. [an orb of fire]
 58050 | Zot:1    | Killed an orb of fire
 58315 | Zot:1    | Reached skill level 25 in Invocations
 58860 | Zot:1    | HP: 4/147 [black draconian knight/bolt of lightning (14)]
 58861 | Zot:1    | HP: 1/147 [poisoned by a red draconian scorcher]
 59283 | Zot:1    | Was forgiven by Okawaru
 60386 | Zot:2    | You fall into a shaft and drop 1 floor!
 61458 | Zot:3    | Found the ring of the Octopus King
 61713 | Zot:3    | Identified a ring of the Octopus King {rCorr HP+2 AC+2 EV+2
                  | SH+2}
 62127 | Zot:3    | Noticed Grunn
 62137 | Zot:3    | Killed Grunn
 63303 | Zot:4    | Identified the +11 flail of Oruj {pain, *Noise +Blink rElec
                  | Will-}
 63304 | Zot:4    | Noticed an ancient lich
 63306 | Zot:4    | Identified the ring "Wubruu Kubu" {rElec rN+}
 63328 | Zot:4    | Noticed an orb of fire
 63343 | Zot:4    | Identified the +1 mace "Soaforul" {distort, *Slow rN+++}
 63344 | Zot:4    | Found a shimmering blue altar of Sif Muna.
 63348 | Zot:4    | Found a transporter.
 63555 | Zot:4    | Killed an orb of fire
 63560 | Zot:4    | Killed an ancient lich
 63763 | Zot:4    | Found a transporter.
 63808 | Zot:4    | Upgraded the game from 0.30-a0-778-g2ef04afb54 to
                  | 0.30-a0-799-g109b55a442
 63808 | Zot:4    | Lost mutation: Your mind is acute. (Int +4, Str/Dex -1)
                  | [potion of mutation]
 63808 | Zot:4    | Lost mutation: You are extremely frail. (-30% HP) [potion
                  | of mutation]
 63808 | Zot:4    | Lost mutation: You are partially covered in iridescent
                  | scales. (AC +2) [potion of mutation]
 63808 | Zot:4    | Lost mutation: You occasionally shout uncontrollably at
                  | your foes. [potion of mutation]
 63809 | Zot:4    | Lost mutation: You are very frail. (-20% HP) [potion of
                  | mutation]
 63809 | Zot:4    | Lost mutation: You occasionally lose the ability to drink
                  | potions when taking damage. [potion of mutation]
 63809 | Zot:4    | Gained mutation: Your mind is acute. (Int +4, Str/Dex -1)
                  | [potion of mutation]
 63809 | Zot:4    | Gained mutation: Your magical capacity is low. (-10% MP)
                  | [potion of mutation]
 63809 | Zot:4    | Gained mutation: You expend magic power (3 MP) to
                  | strengthen your wands. [potion of mutation]
 63865 | Zot:5    | Entered Level 5 of the Realm of Zot
 63938 | Zot:5    | Noticed a Killer Klown
 63943 | Zot:5    | Killed a Killer Klown
 64619 | Zot:5    | Noticed an ancient lich
 64631 | Zot:5    | Killed an ancient lich
 64632 | Zot:5    | Noticed a Killer Klown
 64636 | Zot:5    | Noticed an orb of fire
 64647 | Zot:5    | Gained mutation: You passively map a small area around you.
                  | [an orb of fire]
 64649 | Zot:5    | Noticed a Killer Klown
 64651 | Zot:5    | Killed an orb of fire
 64651 | Zot:5    | Noticed an orb of fire
 64652 | Zot:5    | Noticed a Killer Klown
 64667 | Zot:5    | Killed an orb of fire
 64688 | Zot:5    | Killed a Killer Klown
 64705 | Zot:5    | Killed a Killer Klown
 64713 | Zot:5    | Killed a Killer Klown
 64864 | Zot:5    | Noticed an ancient lich
 64865 | Zot:5    | Killed an ancient lich
 65239 | Zot:5    | Got the Orb of Zot
 65482 | Depths:2 | Noticed an ancient lich
 65680 | D:11     | Noticed Fases the pandemonium lord
 65689 | D:11     | Killed Fases the pandemonium lord
 65723 | D:11     | Noticed Yxzaonus the pandemonium lord
 65734 | D:11     | HP: 9/190 [drowned by Yxzaonus the pandemonium lord (35)]
 65735 | D:11     | Drowned by Yxzaonus the pandemonium lord

Illustrated notes

Levels and vault maps discovered:
D:1:      dpeg_arrival_arbitrary_c, layout_basic,
          chequers_ecumenical_altar_simple, grunt_decor_one_mirror
D:2:      layout_basic, serial_shops, nicolae_shop_overgrown_old_shop,
          minmay_shallow_snake_nest
D:3:      layout_rooms
D:4:      cheibrodos_old_hovel, layout_cave_pools,
          grunt_temple_overflow_bloody_war, dilly_guarded_unrand_morg
D:5:      layout_loops_ring, minmay_temple_entry_glass, item_on_display_b
D:6:      minmay_chambers_of_fours, layout_cave_pools, lemuel_blue_sif_altar,
          grunt_decor_clamped, minmay_misc_feat_pillars, st_stairs_12,
          uniq_eustachio
D:7:      layout_basic, slow_altar_2, nicolae_overflow_hidden_temple,
          uniq_prince_ribbit1
D:8:      layout_rooms, david_lair_shrubbed, serial_corexii_hall,
          corexii_hall_statues_l, chequers_hall_statues_corner_a,
          corexii_hall_statues_t, corexii_hall_statues_x,
          eino_small_chamber_without_monster, minmay_misc_feat_alley
D:9:      layout_basic, orc_david_3
D:10:     layout_basic, ebering_ghost_reflecting_pool
D:11:     layout_stronghold, serial_glass, glass_columns_c, glass_columns_b
D:12:     layout_cave_pools, muffindrake_ghost_dual_entry
D:13:     layout_basic, skrybe_vaults_entry_preservation,
          nicolae_trove_entry_free_sample, uniq_erolcha, uniq_rupert, uniq_urug
D:14:     layout_loops_ring, minmay_door_square
D:15:     grunt_enter_depths_hoard, layout_loops_ring, eino_tiny_chamber
Temple:   nicolae_temple_no_exploring_needed
Lair:1:   layout_cave_shapes, grunt_megastairs_1
Lair:2:   layout_hall_layers, skrybe_swamp_entry_bodies,
          chequers_serial_rivers_small_b, beast_lair_carwin_8, lemuel_fruit_tree
Lair:3:   layout_cave_pods, dummy_snake_entry
Lair:4:   layout_gridlike, infiniplex_staircase_pool, grunt_megastairs_5
Lair:5:   evilmike_catoblepas_cave, layout_regular_city, slime_entry_1,
          ebering_ghost_xom
Swamp:1:  layout_basic_swamp, evilmike_swamp_ruin_house_2, uniq_frances
Swamp:2:  layout_basic_swamp, lemuel_altar_in_water, infiniplex_staircase_pool_2
Swamp:3:  layout_basic_swamp, nicolae_swamp_fairy_circle, uniq_aizul,
          uniq_jorgrun
Swamp:4:  swamp_fiery, layout_basic_swamp, uniq_nikola, uniq_bai_suzhen
Snake:1:  layout_rooms, serial_shops, nicolae_shop_window_shopping, drop_trap,
          minmay_shoptagon, uniq_louise, uniq_josephine
Snake:2:  layout_onion, hellmonk_ghost_happy_afterlife
Snake:3:  layout_grid_maze, grunt_ministairs_11, nicolae_snake_salamander_fort
Snake:4:  grunt_snake_rune_serpentine_throne, layout_cave_town,
          minmay_shop_enchanted_jewellery, nicolae_snake_serpentine_bazaar,
          grunt_megastairs_4, uniq_kirke
Orc:1:    layout_caves, serial_shops, nicolae_shop_overgrown_old_shop,
          basic_altar
Orc:2:    grunt_orc_cross, layout_caves, mines1_david, uniq_azrael
Elf:1:    layout_geoelf_grid, portal_ice_cave_entry_ice_statue_one,
          serial_shops, nicolae_shop_trees, minmay_elf_sorcery, minmay_shop_mass
Elf:2:    elven_hall_of_blades_hangedman_alternative
          [nicolae_blade_entry_hurt_lockers], layout_geoelf_diagonals,
          minmay_shop_star
Vaults:1: hangedman_vaults_hard_town_square, grunt_vaults_diagonal,
          hangedman_vaults_stream, v_misc_11, nicolae_vaults_specimen_jars,
          vaults_dpeg_encased_lava, nicolae_vaults_network_barrier,
          vaults_mumra_hex, nicolae_vaults_little_squares_6,
          vaults_room_stairs_pillars, nicolae_vaults_little_ls,
          ontoclasm_vaults_pinch, v_misc_13, ontoclasm_vaults_ring_square,
          vaults_dpeg_emergency_exit, nicolae_vaults_diagonal_hallway_7,
          nicolae_vaults_mini_display_case, layout_vaults_ring
Vaults:2: nicolae_vaults_shelves_hall, minmay_crypt_entry_necro_gods,
          hangedman_vaults_maws, hangedman_vaults_hat, st_eye, v_misc_29,
          vaults_dpeg_spiral, hangedman_vaults_cutoff, hangedman_vaults_unwind,
          vaults_room_door_ring, layout_vaults_omnibox, serial_shops,
          bzr_entry_customers, uniq_frederick, uniq_mara
Vaults:3: v_misc_4, dpeg_vaults_monster_row, v_misc_12, dpeg_vaults_monster_box,
          hangedman_vaults_nails, vaults_room_pools, v_misc_22, st_lattice,
          nicolae_vaults_rhombus_6, vaults_room_fours, layout_vaults_omnigrid,
          serial_shops, nicolae_shop_crystal
Vaults:4: hangedman_vaults_stagger, v_misc_12, nicolae_vaults_hallways_thing,
          grunt_vaults_focal, v_misc_29, ontoclasm_vaults_gateway,
          st_more_cells, nicolae_vaults_alarming, nicolae_vaults_theta,
          ontoclasm_vaults_chip, layout_vaults_omnicross, serial_shops,
          nicolae_lakefront_shop
Vaults:5: serial_shops, uniq_saint_roka, uniq_sojobo
Crypt:1:  layout_misc_corridors, grunt_ministairs_14,
          grunt_crypt_arrival_guarded_gate, uniq_zenata, uniq_boris
Crypt:2:  layout_regular_city
Crypt:3:  due_elkab, layout_chaotic_city, nzn_life_drinkers, uniq_khufu
Depths:1: layout_cave_pools, grunt_hell_entry_dis_mu, columned_hall_lemuel,
          minmay_misc_feat_x, kennysheep_donut, kennysheep_nondescript,
          dancing_weapons_uskayaw
Depths:2: nzn_winding_woodlands_three_and_one
          [nzn_winding_woodlands_5x15_pathside_ponds,
          nzn_winding_woodlands_5x15_jagged, nzn_winding_woodlands_5x15_zeroes,
          nzn_winding_woodlands_center_diamonds], layout_small_grid, pan_entry,
          hell_entry, kennysheep_cross_bottleneck,
          nicolae_kite_square_tiling_tiny
Depths:3: evilmike_lava_path, layout_long_grid, enter_ziggurat_c,
          abyss_entry_glasseish, grunt_pan_entry_in_and_out,
          pf_vacation_house_of_asmodeus, xom_redecorated,
          minmay_staircase_bubble
Depths:4: evilmike_zot_entry_basic, layout_basic, serial_shops,
          nicolae_shop_temple_entry_statues_fountains, shop,
          minmay_strange_pillars, hell_entry, chequers_jeans,
          serial_bayou_shore_b, serial_bayou_shore_b, uniq_vv
Zot:1:    layout_twisted_circle
Zot:2:    layout_onion_interference, skrybe_zot_glass_2
Zot:3:    hangedman_snap_crack_crunch, layout_cathedral_of_symmetry,
          grunt_ministairs_5, guppyfry_library_mini, uniq_grunn
Zot:4:    gammafunk_sealed_library, layout_basic
Zot:5:    layout_twisted_circle

Skill      XL: |  1  2  3  4  5  6  7  8  9 10 11 12 13 14 15 16 17 18 19 20 21 22 23 24 25 26 27 |
---------------+----------------------------------------------------------------------------------+-----
Armour         | 4 5 7 8 11 12 13 14 15 17 | 17.6
Fighting       | 4 5 6 7 10 12 13 14 15 17 | 17.6
Axes           | 3 5 7 10 13 14 17 18 19 20 21 23 24 | 24.9
Shields        | 5 6 9 10 12 13 15 16 24 | 24.0
Throwing       | 1 2 4 5 6 8 10 12 13 15 16 | 16.0
Invocations    | 2 5 6 9 12 14 20 24 25 | 25.0
Dodging        | 2 6 7 8 10 12 14 16 20 | 20.3
Evocations     | 5 8 9 10 | 10.0

Action                     |  1- 3 |  4- 6 |  7- 9 | 10-12 | 13-15 | 16-18 | 19-21 | 22-24 | 25-27 || total
---------------------------+-------+-------+-------+-------+-------+-------+-------+-------+-------++-------
  Melee: War axe           |    70 |   105 |   324 |    54 |       |       |       |       |       ||   553
         Battleaxe         |       |       |       |   348 |   638 |       |       |       |       ||   986
         Dire flail        |       |       |       |     5 |    25 |       |       |       |       ||    30
         Executioner's axe |       |       |       |       |    66 |   839 |   776 |   859 |  1783 ||  4323
  Throw: Dart              |       |       |    32 |    52 |    47 |     6 |     3 |       |     2 ||   142
         Boomerang         |       |       |     1 |     9 |     3 |   231 |    79 |    57 |    50 ||   430
         Javelin           |       |       |       |       |    15 |    12 |       |     9 |     6 ||    42
 Invoke: Heroism           |       |       |       |     1 |     5 |     4 |     7 |     2 |       ||    19
         Finesse           |       |       |       |       |     1 |     4 |     4 |     2 |       ||    11
         Cleansing Flame   |       |       |       |       |       |       |       |       |    32 ||    32
         Summon Divine War |       |       |       |       |       |       |       |       |    12 ||    12
         Brand Weapon With |       |       |       |       |       |       |       |       |     1 ||     1
Ability: Dig               |       |       |     2 |       |       |       |       |       |     6 ||     8
  Evoke: Wand              |       |       |       |       |       |       |       |     1 |     2 ||     3
    Use: Scroll            |     3 |     2 |     7 |     9 |    12 |     3 |     2 |     3 |     1 ||    42
         Potion            |       |     2 |       |     1 |       |     5 |     5 |     1 |    14 ||    28
   Stab: Invisible         |       |       |       |       |     2 |       |     6 |     2 |       ||    10
         Sleeping          |       |       |       |       |     2 |       |       |       |       ||     2
         Distracted        |       |       |       |       |       |     1 |       |       |       ||     1
 Armour: Scale mail        |    27 |    40 |   130 |    17 |       |       |       |       |       ||   214
         Ring mail         |       |       |       |   120 |     8 |       |       |       |       ||   128
         Leather armour    |       |       |       |       |   222 |       |       |       |       ||   222
         Chain mail        |       |       |       |       |    24 |   291 |   188 |    11 |       ||   514
         Crystal plate arm |       |       |       |       |       |       |       |   269 |   554 ||   823
  Dodge: Dodged            |    30 |    61 |   155 |   146 |   308 |   350 |   240 |   241 |   446 ||  1977
  Block: Buckler           |    16 |    21 |   106 |   179 |   430 |   801 |   534 |    26 |       ||  2113
         Reflection        |       |       |       |       |       |    77 |    80 |    53 |    69 ||   279
         Kite shield       |       |       |       |       |       |       |       |   773 |  1566 ||  2339

Table legend: (Time is in decaauts)
 A = Elapsed time spent in this place.
 B = Non-inter-level travel time spent in this place.
 C = Inter-level travel time spent in this place.
 D = Time resting spent in this place.
 E = Time spent auto-exploring this place.
 F = Levels seen in this place.
 G = Mean time per level.
                   A        B        C        D        E       F      G
               +--------+--------+--------+--------+--------+-----+--------+
         Total |  64801 |  57454 |   7347 |  10492 |  31207 |  56 | 1157.2 |
       Dungeon |  17233 |  13466 |   3767 |   1043 |   9661 |  15 | 1148.9 |
        Temple |     17 |      2 |     15 |      0 |      0 |   1 |   17.0 |
          Lair |   6537 |   5834 |    703 |    843 |   3814 |   5 | 1307.4 |
         Swamp |   3865 |   3578 |    287 |   1071 |   1797 |   4 |  966.2 |
     Snake Pit |   5773 |   5572 |    201 |   1786 |   2136 |   4 | 1443.2 |
  Orcish Mines |   1238 |   1019 |    219 |      0 |    640 |   2 |  619.0 |
   Elven Halls |   2661 |   2507 |    154 |    415 |   1358 |   2 | 1330.5 |
        Vaults |   9005 |   8179 |    826 |   1645 |   4382 |   5 | 1801.0 |
         Crypt |   3244 |   3083 |    161 |    213 |   1739 |   3 | 1081.3 |
        Depths |   6211 |   5462 |    749 |   1005 |   3173 |   4 | 1552.8 |
           Zot |   7434 |   7173 |    261 |   2471 |   2505 |   5 | 1486.8 |
         Abyss |   1357 |   1357 |      0 |      0 |      0 |   4 |  339.2 |
        Bazaar |     32 |     32 |      0 |      0 |      0 |   1 |   32.0 |
         Trove |    187 |    187 |      0 |      0 |      0 |   1 |  187.0 |
               +--------+--------+--------+--------+--------+-----+--------+

Top non-repeatable levels by time:
 Snake:4: 2615 daAuts
   Zot:1: 2250 daAuts
Vaults:5: 2151 daAuts
Depths:3: 2111 daAuts
Vaults:1: 2083 daAuts
   Zot:3: 1981 daAuts
    D:13: 1722 daAuts
Depths:2: 1719 daAuts
 Crypt:3: 1669 daAuts
     D:8: 1661 daAuts
Vaults:3: 1645 daAuts
  Lair:1: 1606 daAuts
Vaults:4: 1578 daAuts
Vaults:2: 1546 daAuts
   Elf:2: 1544 daAuts
